AoeStats
← josenunezsteam

Arena

505189486Analyzed
1v1 RM · 26d ago on Sep 8, 2026· 53m 37s· 2 players
Game mode
Random Map
Map size
Tiny (2 player)
Population
200
Speed
Normal
Resources
Standard
Victory
Conquest
Starting age
Dark Age
Ending age
Imperial Age
RankedLock teamsTeams togetherTeam positionsShared explorationLock speedFull tech treeHidden civsTurbo modeCheats
Victory
Defeat
🇳🇴 Khmer · Norway
993
+14
🇪🇸 Franks · Spain
956
-38
superdonk
10:05 Feudal Age
11:18 Double-Bit Axe
15:42 Castle Age
16:12 Bloodlines
21:20 Horse Collar
24:58 Wheelbarrow
29:20 Imperial Age
30:07 Elite Battle Elephant
30:50 Tusk Swords
31:47 Conscription
31:47 Gold Mining
35:17 Cavalier
35:26 Elite Ballista Elephant
40:59 Loom
47:57 Double Crossbow
50:37 Forging
50:33 Scale Barding Armor
50:19 Fletching
52:35 Iron Casting
52:20 Chain Barding Armor
51:56 Bodkin Arrow
josenunezsteam
3:50 Loom
11:50 Feudal Age
16:31 Castle Age
15:49 Double-Bit Axe
17:51 Gold Mining
18:21 Bow Saw
18:50 Wheelbarrow
22:52 Pikeman
26:03 Scale Barding Armor
26:09 Forging
29:42 Imperial Age
28:29 Gold Shaft Mining
29:40 Hand Cart
30:19 Iron Casting
30:10 Cavalier
31:15 Chain Barding Armor
33:08 Plate Barding Armor
33:35 Blast Furnace
35:50 Scale Mail Armor
43:32 Paladin
45:33 Halberdier
47:09 Chain Mail Armor
48:37 Plate Mail Armor
48:04 Gambesons
48:15 Gambesons
Connection lost

Rejoining the realm…

Still unreachable

The connection could not be restored.

Session expired

The server has moved on; the page needs a fresh start.